 Dungeon Crawl Stone Soup version 0.28-a0-691-gad6df49e81 (webtiles) character file.

Game seed: 2888460756202722929

2739 Pooter the Cleaver (level 9, -3/79 HPs)
             Began as a Minotaur Monk on Oct 21, 2021.
             Was a Believer of Okawaru.
             Slain by a two-headed ogre (14 damage)
             ... on level 7 of the Dungeon.
             The game lasted 00:40:30 (9618 turns).

Pooter the Cleaver (Minotaur Monk)                  Turns: 9618, Time: 00:40:31

Health: -3/79      AC:  8    Str: 19    XL:     9   Next: 40%
Magic:  9/9        EV: 10    Int:  7    God:    Okawaru [**....]
Gold:   268        SH:  0    Dex: 21    Spells: 8/8 levels left

rFire   . . .      SeeInvis .   a - +2 short sword of the Living Dead {venom, rElec rN+ Dex+2}
rCold   . . .      Faith    .   (no shield)
rNeg    + . .      Spirit   .   j - +0 chain mail
rPois   .          Reflect  .   (helmet restricted)
rElec   +          Harm     .   g - scarf {repulsion}
rCorr   .          Rampage  .   (no gloves)
Will    .....                   (no boots)
Stlth   ..........              (no amulet)
HPRegen 0.23/turn               c - +6 ring of dexterity
MPRegen 0.11/turn               (no ring)

@: repel missiles
A: horns 2, retaliatory headbutt
a: Renounce Religion, Heroism


You were on level 7 of the Dungeon.
You worshipped Okawaru.
Okawaru was pleased with you.
You visited 2 branches of the dungeon, and saw 9 of its levels.

You collected 404 gold pieces.
You spent 136 gold pieces at shops.

Inventory:

Hand Weapons
 a - the +2 short sword of the Living Dead (weapon) {venom, rElec rN+ Dex+2}
   (You found it on level 6 of the Dungeon)

   It poisons the flesh of those it strikes.
   Dex:       It affects your dexterity (+2).
   rElec:     It insulates you from electricity.
   rN:        It protects you from negative energy.
 b - a +0 hunting sling
   (You found it on level 7 of the Dungeon)
 e - a +3 hand axe
   (You took it off an orc on level 7 of the Dungeon)
 i - a +2 scimitar of freezing
   (You took it off a wight on level 7 of the Dungeon)
 l - a +0 trident
   (You took it off Terence on level 3 of the Dungeon)
 u - a +3 antimagic long sword
   (You found it on level 3 of the Dungeon)
 y - a +0 hand axe
 B - a +2 short sword of electrocution
   (You found it on level 6 of the Dungeon)
 J - a +0 war axe
   (You took it off an orc priest on level 7 of the Dungeon)
 K - a +0 battleaxe
   (You took it off a wight on level 7 of the Dungeon)
Missiles
 m - a throwing net {!f}
 q - 94 sling bullets
 v - 3 atropa-tipped darts
 w - 39 poisoned darts (quivered)
 C - a boomerang of dispersal {!f}
 E - 3 datura-tipped darts
 Q - 191 stones
Armour
 g - a scarf of repulsion (worn)
   (You found it on level 2 of the Dungeon)
 j - a +0 chain mail (worn)
   (You took it off an orc warrior on level 6 of the Dungeon)
 M - a +0 plate armour
   (You found it on level 8 of the Dungeon)
Jewellery
 c - a +6 ring of dexterity (left hand)
   (You found it on level 1 of the Dungeon)
Wands
 d - a wand of iceblast (1)
   (You found it on level 2 of the Dungeon)
 p - a wand of mindburst (2)
   (You took it off Ijyb on level 3 of the Dungeon)
 D - a wand of digging (5)
   (You found it on level 3 of the Dungeon)
Scrolls
 f - a scroll of immolation {!r}
 h - a scroll of enchant armour
 t - 4 scrolls of teleportation {@r4}
 H - a scroll of magic mapping
Potions
 k - 4 potions of flight
 n - 3 potions of might
 o - a potion of berserk rage {unknown}
 r - 2 potions of lignification {unknown}
 s - a potion of mutation {unknown}
 x - 2 potions of magic {unknown}
 z - a potion of haste {unknown}
 A - a potion of degeneration {unknown}
 F - a potion of cancellation {unknown}
 G - 4 potions of heal wounds {@q2}
 I - a potion of resistance {unknown}
 L - 2 potions of attraction {unknown}


   Skills:
 + Level 7.4 Fighting
 * Level 3.8 Short Blades
 - Level 8.9 Axes
 - Level 6.1 Dodging
 - Level 4.5 Stealth
 + Level 2.3 Invocations
 + Level 4.4 Evocations


You had 8 spell levels left.
You didn't know any spells.
Your spell library contained the following spells:

 Spells                   Type           Power      Damage    Failure   Level
 Blink                    Tloc           N/A        N/A       100%        2
 Slow                     Hex            0%         N/A       100%        2
 Confusing Touch          Hex            0%         N/A       100%        3
 Alistair's Intoxication  Tmut/Pois      0%         N/A       100%        5
 Borgnjor's Vile Clutch   Necr/Erth      0%         N/A       100%        5
 Manifold Assault         Tloc           0%         N/A       100%        5
 Yara's Violent Unravell  Hex/Tmut       0%         3d3       100%        5
 Eringya's Noxious Bog    Tmut/Pois      0%         N/A       100%        6
 Storm Form               Tmut/Air       0%         N/A       100%        7
 Summon Small Mammal      Summ           Unusable   N/A       N/A         1
 Call Canine Familiar     Summ           Unusable   N/A       N/A         3
 Summon Guardian Golem    Hex/Summ       Unusable   N/A       N/A         3

Dungeon Overview and Level Annotations

Branches:
Dungeon (8/15)             Temple (1/1) D:5
   Lair: D:8-11

Altars:
Cheibriados
Elyvilon
Fedhas
Gozag
Hepliaklqana
Makhleb
Nemelex Xobeh
Okawaru
Ru
Sif Muna
Trog
Vehumet
Wu Jian

Shops:
D:7 *

Annotations:
D:3 1 runed translucent door, Crazy Yiuf


Innate Abilities, Weirdness & Mutations

You have a pair of horns on your head.
You reflexively headbutt those who attack you in melee.


Message History

You feel agile.
The +2 short sword of the Living Dead {venom, rElec rN+ Dex+2} begins to drip with poison!
a - the +2 short sword of the Living Dead (weapon)
{venom, rElec rN+ Dex+2} The killer bee zombie hits you.
You hit the killer bee zombie. The killer bee zombie hits you.
The killer bee zombie hits you.
You climb upwards.
There is a stone staircase leading down, spattered with blood here.
You start resting.
You see here a +0 robe.
There is a stone staircase leading down here.
You climb downwards.
There is a stone staircase leading up, spattered with blood here.
Throw: 41 darts (poison)
Aim: a two-headed ogre, wielding a +0 giant club and a +0 giant spiked club (78% to hit)
You throw a poisoned dart.
The poisoned dart hits the two-headed ogre.
Throw: 40 darts (poison)
Aim: a two-headed ogre, wielding a +0 giant club and a +0 giant spiked club (77% to hit)
You throw a poisoned dart.
The poisoned dart hits the killer bee zombie.
The killer bee zombie closely misses you.
You hit the killer bee zombie.
Your headbutt misses the killer bee zombie.
The killer bee zombie closely misses you.
You furiously retaliate!
You headbutt the killer bee zombie. The killer bee zombie hits you.
The killer bee zombie hits you.
You climb upwards.
There is a stone staircase leading down here.
You start resting.
You climb downwards.
The killer bee zombie misses you. The killer bee zombie hits you.
The two-headed ogre hits you with a +0 giant club.
The two-headed ogre hits you with a +0 giant spiked club!!
The killer bee zombie hits you.
There is a stone staircase leading up, spattered with blood here.
The killer bee zombie hits you but does no damage.
The two-headed ogre hits you with a +0 giant club!!
* * * LOW HITPOINT WARNING * * *
The two-headed ogre barely misses you.
The killer bee zombie hits you but does no damage.
You climb upwards.
There is a stone staircase leading down here.
Aim: a two-headed ogre, wielding a +0 giant club and a +0 giant spiked club (chance to affect: 67%)
The two-headed ogre's minds are blasted!!
The two-headed ogre hits you with a +0 giant club!
* * * LOW HITPOINT WARNING * * *
The two-headed ogre hits you with a +0 giant spiked club!
You die...

#########.# #.....# # #.########
#.###'### # #.##.....####.#≈≈≈≈≈#
# #######'#..#'''#....#≈≈≈≈≈# #
#.........##...######≈≈≈≈≈#
###........##.....## #≈≈≈≈≈#
...........#...>)..# ###'###
###.#####'##....)[.# #.# #.#
#.##..>[@..# #.#
#.#####.###.[O[.## #.#
###.....#.# ##...## #.#
.....##.#.# ##### #.#
.....##'#'####...########.#######
.................................
###.........#############.#######
#.........'.............#
#.........###############


You could see a two-headed ogre.

Vanquished Creatures
  Grinder (D:3)
  3 yaks (D:4)
  A necrophage (D:5)
  An orc warrior (D:6)
  An ogre (D:5)
  3 centaurs
  A phantom (D:6)
  A kobold brigand (D:7)
  2 bullfrogs (D:7)
  A wyvern skeleton (D:7)
  2 water moccasin skeletons
  5 killer bees
  5 wights
  A bullfrog zombie (D:5)
  2 orc priests
  3 hounds
  A jelly (D:5)
  A bullfrog skeleton (D:4)
  A centaur skeleton (D:6)
  Terence (D:3)
  Ijyb (D:3)
  4 iguanas
  2 orc wizards
  2 hound skeletons (D:4)
  A howler monkey zombie (D:8)
  Robin (D:3)
  5 gnolls
  10 adders
  2 white imps (D:7)
  3 worms
  A dart slug (D:2)
  8 orcs
  5 ball pythons
  2 bats
  4 endoplasms
  12 goblins
  10 hobgoblins
  8 jackals
  4 kobolds
  2 quokkas
  2 frilled lizards
  7 rats
133 creatures vanquished.

Vanquished Creatures (collateral kills)
  An orc (D:7)
1 creature vanquished.

Vanquished Creatures (others)
  An orc wizard (D:7)
  3 orcs
4 creatures vanquished.

Grand Total: 138 creatures vanquished

Notes
Turn   | Place    | Note
-------+----------+-------------------------------------------
     0 | D:1      | Pooter the Minotaur Monk began the quest for the Orb.
     0 | D:1      | Reached XP level 1. HP: 19/19 MP: 0/0
   268 | D:1      | Reached XP level 2. HP: 27/27 MP: 1/1
   303 | D:1      | Found a faded altar of an unknown god.
   303 | D:1      | Noticed a Hell Sentinel
   331 | D:1      | Reached skill level 4 in Axes
   762 | D:1      | Reached XP level 3. HP: 32/33 MP: 2/2
  1292 | D:2      | Reached XP level 4. HP: 24/40 MP: 3/3
  2109 | D:3      | Noticed Ijyb
  2112 | D:3      | Killed Ijyb
  2113 | D:3      | Reached skill level 5 in Axes
  2430 | D:3      | Found a runed translucent door.
  2431 | D:3      | Noticed Crazy Yiuf
  2555 | D:3      | Noticed Terence
  2557 | D:3      | Killed Terence
  2558 | D:3      | Reached XP level 5. HP: 47/47 MP: 4/4
  2635 | D:3      | Noticed Grinder
  2640 | D:3      | Killed Grinder
  2641 | D:3      | Reached skill level 1 in Evocations
  2641 | D:3      | Reached XP level 6. HP: 52/55 MP: 1/5
  2792 | D:3      | Noticed Robin
  2800 | D:3      | Killed Robin
  2801 | D:3      | Reached skill level 6 in Axes
  3191 | D:3      | Reached skill level 5 in Fighting
  3546 | D:4      | Reached XP level 7. HP: 51/61 MP: 2/6
  4348 | D:4      | Noticed a yak
  4350 | D:4      | Noticed a yak
  4350 | D:4      | Noticed a yak
  4377 | D:4      | Killed a yak
  4378 | D:4      | Reached skill level 7 in Axes
  4378 | D:4      | Reached skill level 5 in Dodging
  4380 | D:4      | Killed a yak
  4386 | D:4      | Killed a yak
  4387 | D:4      | Reached XP level 8. HP: 6/70 MP: 2/7
  5021 | D:5      | Entered Level 5 of the Dungeon
  5463 | D:5      | Reached skill level 8 in Axes
  5977 | D:5      | Found a staircase to the Ecumenical Temple.
  6000 | Temple   | Entered the Ecumenical Temple
  6140 | Temple   | Became a worshipper of Warmaster Okawaru
  6140 | Temple   | Reached * piety under Okawaru
  6140 | Temple   | Reached ** piety under Okawaru
  6942 | D:6      | Found a blossoming altar of Fedhas.
  7041 | D:6      | Identified the +2 short sword of the Living Dead {venom,
                  | rElec rN+ Dex+2}
  7636 | D:7      | Found Tomexutu's General Store.
  7650 | D:7      | Reached skill level 1 in Short Blades
  7675 | D:7      | Bought a scroll of identify for 26 gold pieces
  7675 | D:7      | Bought a potion of heal wounds for 65 gold pieces
  7675 | D:7      | Bought a scroll of magic mapping for 45 gold pieces
  7798 | D:7      | Reached XP level 9. HP: 73/78 MP: 8/8
  7928 | D:7      | Reached skill level 1 in Invocations
  9537 | D:8      | Noticed a two-headed ogre
  9618 | D:7      | Slain by a two-headed ogre

Illustrated notes

Levels and vault maps discovered:
D:1:      giann_bridges, layout_rooms, dreamdust_ecumenical_altar_sealed_demon
D:2:      layout_loops_corners, chequers_serial_rivers_micro_d,
          kennysheep_generic_room_16
D:3:      minmay_wonky_spiral, layout_rooms, chequers_arboretum,
          kennysheep_pointless_box, uniq_crazy_yiuf_cottage, uniq_grinder,
          uniq_ijyb, uniq_robin, uniq_terence
D:4:      layout_cave_pods
D:5:      layout_rooms, minmay_temple_entry_hall, grunt_ministairs_11
D:6:      layout_gridville, mainiacjoe_overflow_24_doors
D:7:      layout_basic, serial_shops, nicolae_shop_trees,
          chequers_serial_rivers_room_b, kennysheep_windowed_goal
D:8:      layout_rooms, uniq_maurice
Temple:   roderic_octagonal_lattice_temple

Skill      XL: |  1  2  3  4  5  6  7  8  9 |
---------------+----------------------------+-----
Axes           | 4 5 6 7 8 |  8.9
Stealth        | 2 3 4 |  4.5
Fighting       | 4 5 6 7 |  7.4
Dodging        | 4 5 6 |  6.1
Evocations     | 1 2 3 4 |  4.4
Short Blades   | 1 3 |  3.8
Invocations    | 2 |  2.3

Action                   |  1- 3 |  4- 6 |  7- 9 || total
-------------------------+-------+-------+-------++-------
Melee: Hand axe          |    61 |    25 |       ||    86
       Headbutt          |     7 |    19 |    52 ||    78
       Trident           |       |     5 |       ||     5
       Long sword        |       |    37 |   119 ||   156
       Short sword       |       |       |    57 ||    57
 Fire: Hunting sling     |       |       |    17 ||    17
Throw: Stone             |     5 |    12 |    14 ||    31
       Dart              |       |       |    26 ||    26
Invok: Heroism           |       |       |     6 ||     6
Evoke: Wand              |       |    10 |     3 ||    13
  Use: Scroll            |     1 |     3 |     6 ||    10
       Potion            |       |     1 |       ||     1
 Stab: Sleeping          |     3 |     1 |       ||     4
Armor: Robe              |     2 |     2 |       ||     4
       Scale mail        |       |    28 |    42 ||    70
       Ring mail         |       |     2 |       ||     2
       Chain mail        |       |       |    41 ||    41
Dodge: Dodged            |    38 |    54 |   190 ||   282
       Repelled          |       |       |     2 ||     2

Table legend: (Time is in decaauts)
 A = Elapsed time spent in this place.
 B = Non-inter-level travel time spent in this place.
 C = Inter-level travel time spent in this place.
 D = Time resting spent in this place.
 E = Time spent auto-exploring this place.
 F = Levels seen in this place.
 G = Mean time per level.
                   A        B        C        D        E       F      G
               +--------+--------+--------+--------+--------+-----+--------+
         Total |   9690 |   9429 |    261 |   2630 |   5411 |   9 | 1076.7 |
       Dungeon |   9531 |   9287 |    244 |   2630 |   5289 |   8 | 1191.4 |
        Temple |    158 |    141 |     17 |      0 |    122 |   1 |  158.0 |
               +--------+--------+--------+--------+--------+-----+--------+

Top non-repeatable levels by time:
     D:7: 1929 daAuts
     D:4: 1770 daAuts
     D:3: 1206 daAuts
     D:2: 1187 daAuts
     D:5: 1173 daAuts
     D:6: 1145 daAuts
     D:1: 903 daAuts
     D:8: 215 daAuts
  Temple: 158 daAuts
